 Dungeon Crawl Stone Soup version 0.17.1-3-g152610e (webtiles) character file.

6778 sveltemanboy the Spear-Bearer (level 10, -1/74 HPs)
             Began as a Demonspawn Monk on Apr 12, 2016.
             Was a Priest of Ashenzari.
             Killed from afar by a deep elf mage (5 damage)
             ... with a flame tongue
             ... on level 10 of the Dungeon.
             The game lasted 00:30:52 (10076 turns).

sveltemanboy the Spear-Bearer (Demonspawn Monk)    Turns: 10076, Time: 00:30:52

Health: -1/74      AC: 23    Str: 13    XL:     10   Next: 76%
Magic:  0/14       EV: 15    Int: 13    God:    Ashenzari [***...]
Gold:   556        SH:  0    Dex: 13    Spells: 5 memorised, 0 levels left

rFire  . . .     SeeInvis +     e - +2 halberd (protect)
rCold  + . .     Clarity  .     K - +2 leather armour {rC+} (curse)
rNeg   + + .     SustAt   .     (shield currently unavailable)
rPois  +         Gourm    .     j - +1 helmet (curse)
rElec  .         Spirit   +     c - +0 cloak (curse)
rCorr  .         Warding  +     g - +3 pair of gloves "Oluzxeol" {rPois rN+ Dex-3 Stlth+} (curse)
rMut   .         Stasis   .     i - +2 pair of boots (curse)
MR     .....                    A - amulet of warding (curse)
Stlth  +++.......               (no ring)
                                x - ring of see invisible (curse)

@: not resistant to hostile enchantments, fairly stealthy
A: hooves 2, rugged brown scales 2, spiny 2, magic shield
a: Scrying, Renounce Religion


You were on level 10 of the Dungeon.
You worshipped Ashenzari.
Ashenzari was most pleased with you.
You were not hungry.

You visited 2 branches of the dungeon, and saw 11 of its levels.

You collected 556 gold pieces.

Inventory:

Hand Weapons
 e - a +2 halberd of protection (weapon)
Missiles
 a - a throwing net
 C - 2 javelins (quivered)
Armour
 c - a cursed +0 cloak (worn)
 g - the cursed +3 pair of gloves "Oluzxeol" (worn) {rPois rN+ Dex-3 Stlth+}
   (You acquired it on level 6 of the Dungeon)

   It affects your dexterity (-3).
   It protects you from poison.
   It protects you from negative energy.
   It makes you more stealthy.
   It has a curse placed upon it.
 i - a cursed +2 pair of boots (worn)
 j - a cursed +1 helmet (worn)
 K - a cursed +2 leather armour of cold resistance (worn)
Jewellery
 x - a cursed ring of see invisible (left hand)
 A - a cursed amulet of warding (around neck)
Wands
 r - a wand of slowing (21)
 w - a wand of polymorph (0)
 B - a wand of fireball (8)
 E - a wand of random effects (32)
 F - a wand of random effects (3)
 L - a wand of paralysis (2)
Scrolls
 f - 2 scrolls of fear
 h - 7 scrolls of identify
 k - a scroll of fog
 o - 2 scrolls of curse armour
 s - a scroll of recharging
 y - a scroll of magic mapping
 D - 3 scrolls of curse jewellery
 G - a scroll of enchant armour
 M - a scroll of teleportation
 N - a scroll of remove curse
Potions
 d - a potion of brilliance
 l - a potion of berserk rage
 n - 2 potions of resistance
 p - 3 potions of curing
 t - a potion of cure mutation
 z - a potion of might
Miscellaneous
 I - a lantern of shadows
 J - a disc of storms
Comestibles
 b - 9 bread rations
 m - 5 beef jerkies
 q - 2 royal jellies
 u - 8 slices of pizza
 v - 7 meat rations
 H - 7 chunks of flesh


   Skills:
 - Level 4.0 Fighting
 * Level 10.9 Polearms
 - Level 4.1 Armour
 - Level 4.1(6.8) Dodging
 - Level 1.7(3.8) Stealth
 - Level 3.6 Unarmed Combat
 - Level 1.0 Spellcasting
 - Level 0.4(1.1) Conjurations
 - Level 3.8(5.5) Charms
 - Level 3.8(5.5) Air Magic
 + Level 2.9(4.5) Poison Magic
 + Level 5.6(7.5) Evocations


You couldn't memorise any spells.
You knew the following spells:

 Your Spells              Type           Power        Failure   Level  Hunger
a - Repel Missiles        Chrm/Air       ###...       8%          2    ###....
b - Swiftness             Chrm/Air       ###.....     8%          2    ###....
c - Mephitic Cloud        Conj/Pois/Air  ##......     21%         3    ####...
d - Apportation           Tloc           #.........   30%         1    ##.....
e - Tukima's Dance        Hex            #.......     86%         3    ####...


Dungeon Overview and Level Annotations

Branches:
Dungeon (10/15)            Temple (1/1) D:7
   Lair: D:8-11         Orc: D:9-12

Altars:
Ashenzari
Cheibriados
Dithmenos
Elyvilon
Fedhas
Gozag
Kikubaaqudgha
Nemelex Xobeh
Okawaru
Qazlal
Ru
Sif Muna
Vehumet
Xom
Yredelemnul
The Shining One

Shops:
D:4 [

Annotations:
D:10 exclusion: ice statue


Innate Abilities, Weirdness & Mutations

You have hoof-like feet.
You are mostly covered in rugged brown scales (AC +2, +5% HP).
You are mostly covered in sharp spines.
When hurt, damage is shared between your health and your magic reserves.


Message History

You are engulfed in freezing vapours.
You resist.
* * * LOW HITPOINT WARNING * * *
You puncture the ice statue!
The ice statue is severely damaged.
The wraith is struck by your spines. The wraith closely misses you.
You hit the ice statue but do no damage.
The ice statue is severely damaged.
The ice statue throws ice at you. The shard of ice misses you.
The wraith hits you but does no damage.
You barely miss the ice statue.
The ice statue is severely damaged.
The wraith is struck by your spines. The wraith barely misses you.
The deep elf mage is struck by your spines.
The deep elf mage hits you but does no damage.
You puncture the ice statue!
The ice statue is severely damaged.
The wraith is struck by your spines. The wraith completely misses you.
The deep elf mage gestures at you while chanting.
The flame tongue hits you!
You die...

* #..# #.# .. #..##
#.# ..#####...###
#.#
............######.#
.............).....#
.............#####.#
.............#
#.#####
......e......#
#......
......8@)....#
#......
.....YW......#
#.#####
............## #.#
............# #.#
............# #.#
*............# #.#
*..#####...### #. ..
#...# *


You could see an ice statue, a wraith, an ice beast and a deep elf mage.

Vanquished Creatures
  Erolcha (D:10)
  The ghost of bollicks1999 the Covert, a novice OpAs of Dithmenos (D:9)
  A guardian serpent (D:8)
  A fire bat (D:10)
  A human (D:8)
  6 yaks (D:10)
  An ice beast (D:8)
  4 sky beasts
  A necrophage (D:7)
  3 orc warriors
  A phantom (D:4)
  3 centaurs
  5 ogres
  4 giant frogs
  2 scorpions (D:4)
  4 wights (D:9)
  6 killer bees (D:8)
  5 orc priests
  3 crimson imps
  6 hounds
  2 centaur skeletons
  A giant frog zombie (D:7)
  A quasit (D:7)
  A centaur zombie (D:8)
  10 orc wizards
  4 iguanas
  9 worker ants
  4 sheep (D:8)
  A hound zombie (D:9)
  A hound skeleton (D:6)
  A worker ant zombie (D:6)
  4 gnolls (D:2)
  13 adders
  3 shadow imps
  3 adder zombies
  An adder skeleton (D:5)
  2 worms
  6 giant geckos
  32 orcs
  A ball python (D:2)
  6 bats
  2 giant cockroaches
  8 goblins
  10 hobgoblins
  15 jackals
  11 kobolds
  3 quokkas
  A ball python skeleton (D:4)
  6 giant newts
  A jackal skeleton (D:6)
  3 quokka skeletons
  2 quokka zombies
  7 rats
234 creatures vanquished.

Vanquished Creatures (others)
  An ogre (D:10)
  An orc wizard (D:5)
  A quokka (D:6)
3 creatures vanquished.

Grand Total: 237 creatures vanquished

Notes
Turn   | Place    | Note
--------------------------------------------------------------
     0 | D:1      | sveltemanboy the Demonspawn Monk began the quest for the Orb.
     0 | D:1      | Reached XP level 1. HP: 18/18 MP: 1/1
   419 | D:1      | Gained mutation: You have large cloven feet. [demonic ancestry]
   419 | D:1      | Reached XP level 2. HP: 20/24 MP: 2/2
   483 | D:1      | Reached skill level 1 in Armour
  1526 | D:2      | Gained mutation: You are partially covered in rugged brown scales (AC +1, +3% HP). [demonic ancestry]
  1526 | D:2      | Reached XP level 3. HP: 22/29 MP: 3/3
  1718 | D:2      | Gained mutation: When hurt, damage is shared between your health and your magic reserves. [demonic ancestry]
  1718 | D:2      | Reached XP level 4. HP: 29/38 MP: 4/4
  2407 | D:3      | Reached skill level 4 in Fighting
  2407 | D:3      | Reached XP level 5. HP: 26/43 MP: 3/5
  2462 | D:3      | Reached skill level 1 in Polearms
  3795 | D:4      | Noticed a phantom
  3854 | D:4      | Found Tegi's Armour Shop.
  3896 | D:4      | Killed a phantom
  3896 | D:4      | Gained mutation: You are partially covered in sharp spines. [demonic ancestry]
  3896 | D:4      | Reached XP level 6. HP: 30/49 MP: 6/6
  4058 | D:4      | Noticed an ogre
  4095 | D:4      | Found a shadowy altar of Dithmenos.
  4250 | D:4      | Killed an ogre
  4254 | D:4      | Reached XP level 7. HP: 46/55 MP: 5/7
  4862 | D:5      | Entered Level 5 of the Dungeon
  4862 | D:5      | Found a white marble altar of Elyvilon.
  5017 | D:5      | Reached skill level 5 in Polearms
  5021 | D:5      | Learned a level 2 spell: Repel Missiles
  5024 | D:5      | Learned a level 2 spell: Swiftness
  5172 | D:5      | Reached skill level 1 in Spellcasting
  5278 | D:5      | Gained mutation: You are mostly covered in sharp spines. [demonic ancestry]
  5278 | D:5      | Reached XP level 8. HP: 45/61 MP: 7/9
  5493 | D:5      | Reached skill level 1 in Air Magic
  5595 | D:5      | Reached skill level 1 in Charms
  6057 | D:6      | Found a white marble altar of Elyvilon.
  6127 | D:6      | Reached skill level 6 in Polearms
  6250 | D:6      | Found a blossoming altar of Fedhas.
  6434 | D:6      | Found an opulent altar of Gozag.
  6647 | D:6      | Identified a scroll of acquirement
  6648 | D:6      | Got a pair of translucent gloves
  6654 | D:6      | Identified the +3 pair of gloves "Oluzxeol" {rPois rN+ Dex-3 Stlth+} (You acquired it on level 6 of the Dungeon)
  6977 | D:7      | Found a staircase to the Ecumenical Temple.
  6983 | Temple   | Entered the Ecumenical Temple
  6994 | Temple   | Became a worshipper of Ashenzari the Shackled
  6994 | Temple   | Reached * piety under Ashenzari
  6994 | Temple   | Reached ** piety under Ashenzari
  7234 | D:7      | Reached skill level 7 in Polearms
  7368 | D:7      | Gained mutation: You are mostly covered in rugged brown scales (AC +2, +5% HP). [demonic ancestry]
  7368 | D:7      | Reached XP level 9. HP: 60/68 MP: 10/10
  7911 | D:8      | Noticed Psyche
  7914 | D:8      | Found a sparkling altar of Nemelex Xobeh.
  8052 | D:8      | Noticed Erolcha
  8061 | D:8      | Paralysed by Erolcha for 7 turns
  8327 | D:8      | Noticed Psyche
  8327 | D:8      | Psyche changed into Psyche the guardian serpent
  8343 | D:8      | Killed Psyche the guardian serpent
  8343 | D:8      | Reached skill level 8 in Polearms
  8343 | D:8      | Reached skill level 1 in Evocations
  8436 | D:8      | Found a stormy altar of Qazlal.
  8828 | D:8      | Reached skill level 9 in Polearms
  9152 | D:9      | Reached *** piety under Ashenzari
  9238 | D:9      | Noticed bollicks1999's ghost (novice OpAs)
  9247 | D:9      | Killed bollicks1999's ghost
  9247 | D:9      | Gained mutation: You have hoof-like feet. [demonic ancestry]
  9247 | D:9      | Reached XP level 10. HP: 74/74 MP: 7/13
  9447 | D:9      | Reached skill level 10 in Polearms
  9473 | D:9      | Learned a level 3 spell: Mephitic Cloud
  9888 | D:10     | Entered Level 10 of the Dungeon
  9914 | D:10     | Noticed Maurice
  9918 | D:10     | Noticed Maurice
  9918 | D:10     | Maurice changed into Maurice the fire bat
  9919 | D:10     | Killed Maurice the fire bat
  9919 | D:10     | Reached skill level 1 in Poison Magic
  9962 | D:10     | Reached skill level 5 in Evocations
 10002 | D:10     | Learned a level 1 spell: Apportation
 10006 | D:10     | Learned a level 3 spell: Tukima's Dance
 10047 | D:10     | Paralysed by Erolcha for 3 turns
 10055 | D:10     | Killed Erolcha
 10072 | D:10     | HP: 3/74 [ice statue] (6)]
 10076 | D:10     | Killed from afar by a deep elf mage

Action                   |  1- 3 |  4- 6 |  7- 9 | 10-12 || total
-------------------------+-------+-------+-------+-------++-------
Melee: Unarmed           |   111 |   304 |       |       ||   415
       Halberd           |       |    17 |   289 |   102 ||   408
Throw: Javelin           |       |     5 |    16 |       ||    21
 Cast: Repel Missiles    |       |       |     1 |       ||     1
       Swiftness         |       |       |     1 |       ||     1
Evoke: Wand              |       |       |    19 |     6 ||    25
       Rod               |       |       |     1 |       ||     1
       Disc of storms    |       |       |       |     1 ||     1
  Use: Potion            |     5 |     1 |     4 |     3 ||    13
       Scroll            |       |       |    20 |     2 ||    22
 Stab: Sleeping          |       |     2 |    11 |     1 ||    14
       Distracted        |       |       |     2 |       ||     2
       Paralysed         |       |       |       |     4 ||     4
  Eat: Chunk             |     2 |     9 |    16 |     4 ||    31
